 Dungeon Crawl Stone Soup version 0.31.0-4-g52a2dc7128 (webtiles) character file.

Game seed: 2002573181327710092

16 raph the Firebug (level 2, -2/16 HPs)
             Began as a Deep Elf Fire Elementalist on Jan 22, 2024.
             Killed from afar by an orc wizard (9 damage)
             ... with a puff of flame
             ... on level 2 of the Dungeon.
             The game lasted 00:00:59 (1034 turns).

raph the Firebug (Deep Elf Fire Elementalist)       Turns: 1034, Time: 00:00:59

Health: -2/16      AC:  2    Str:  5    XL:     2   Next: 37%
Magic:  2/8        EV: 13    Int: 19    God:
Gold:   53         SH:  0    Dex: 15    Spells: 4/7 levels left

rFire   . . .        h - +0 short sword
rCold   . . .        (no shield)
rNeg    . . .        a - +0 robe
rPois   .            (no helmet)
rElec   .            (no cloak)
rCorr   .            (no gloves)
SInv    .            (no boots)
Will    .....        (no amulet)
Stlth   ++           d - ring of wizardry
HPRegen 0.22/turn    (no ring)
MPRegen 0.11/turn

%: wizardry (x1)
@: no status effects
A: no striking features
a: no special abilities


You were on level 2 of the Dungeon.
You visited 1 branch of the dungeon, and saw 2 of its levels.

You collected 53 gold pieces.

Inventory:

Hand Weapons
 h - a +0 short sword (weapon)
Missiles
 c - 5 poisoned darts
Armour
 a - a +0 robe (worn)
Jewellery
 d - a ring of wizardry (left hand)
Scrolls
 g - a scroll of poison {unknown}
Potions
 b - a potion of magic
 e - a potion of berserk rage {unknown}
 f - a potion of heal wounds {unknown}


   Skills:
 + Level 0.4 Fighting
 + Level 2.7 Dodging
 - Level 2.4 Stealth
 + Level 3.1 Spellcasting
 * Level 1.6 Conjurations
 * Level 3.5 Fire Magic


You had 4 spell levels left.
You knew the following spells:

 Your Spells              Type           Power      Damage    Failure   Level
a - Foxfire               Conj/Fire      48%        2x1d6     2%          1
b - Scorch                Fire           32%        2d6       2%          2

Your spell library contained the following spells:

 Spells                   Type           Power      Damage    Failure   Level
 Inner Flame              Hex/Fire       9%         N/A       9%          3
 Volatile Blastmotes      Fire/Tloc      18%        2d11      9%          3
 Flame Wave               Conj/Fire      12%        2d6       21%         4


Dungeon Overview and Level Annotations

Branches:
Dungeon (2/15)

Altars:


Message History

There is a stone staircase leading up here.
An orc wizard comes into view. It is wielding a +0 dagger.
The orc wizard shouts!
You hear a shout!
The orc wizard points at you and mumbles some strange words.
The magic dart hits you.
An orc comes into view. It is wielding a +0 short sword.
The orc shouts!
An orc comes into view. It is wielding a +0 hand axe.
The orc shouts!
Casting: Foxfire (safe; 2% risk of failure)
Confirm with . or Enter, or press ? or * to list all spells.
Flames lash the orc wizard.
The orc wizard is heavily wounded.
The orc wizard's fire resistance burns away.
You hear a shout!
A kobold comes into view. It is wielding a +0 whip.
Casting: Scorch (safe; 2% risk of failure)
Confirm with . or Enter, or press ? or * to list all spells.
Flames lash the orc.
You kill the orc!
A goblin comes into view. It is wielding a +0 dagger.
The orc wizard misses you.
Casting: Scorch (safe; 2% risk of failure)
Confirm with . or Enter, or press ? or * to list all spells.
Flames lash the orc wizard but do no damage.
The orc wizard hits you with a +0 dagger.
The orc wizard gestures at you while chanting.
The magic dart hits you!
There is a stone staircase leading up here.
Casting: Scorch (safe; 2% risk of failure)
Confirm with . or Enter, or press ? or * to list all spells.
You conjure some foxfire!
The foxfire hits the orc wizard but does no damage.
The orc wizard is heavily wounded.
The foxfire hits the orc wizard.
The orc wizard is severely wounded.
The orc wizard gestures at you while chanting.
The puff of flame hits you!
Ouch! That really hurt!
You die...

######.#.##
#o...Ko....
#.####g#.##
#o####
#..ยงยง#
####@# ###


You could see an orc wizard.

Vanquished Creatures
  An orc (D:2)
  2 endoplasms (D:1)
  A goblin (D:1)
  2 hobgoblins (D:1)
  3 jackals (D:1)
  A quokka (D:1)
  A bat (D:1)
  A rat (D:1)
12 creatures vanquished.

Vanquished Creatures (others)
  28 foxfires
28 creatures vanquished.

Grand Total: 40 creatures vanquished

Notes
Turn   | Place    | Note
-------+----------+-------------------------------------------
     0 | D:1      | raph the Deep Elf Fire Elementalist began the quest for the
                  | Orb.
     0 | D:1      | Reached XP level 1. HP: 10/10 MP: 6/6
   599 | D:1      | Reached XP level 2. HP: 15/15 MP: 4/8
  1001 | D:1      | Learned a level 2 spell: Scorch
  1034 | D:2      | Killed from afar by an orc wizard

Illustrated notes

Levels and vault maps discovered:
D:1:      zaba_arrival_water, layout_basic
D:2:      layout_basic, interstate_on_off

Action                     || total
---------------------------++-------
  Melee: Short sword       ||     1
   Cast: Foxfire           ||    16
         Scorch            ||     3
 Armour: Robe              ||     5
  Dodge: Dodged            ||     4
